AoeStats
← Franklin

Arabia

510692785Analyzed
2v2 RM · 22h ago on Oct 2, 2026· 65m 55s· 4 players
Game mode
Random Map
Map size
Medium (4 player)
Population
200
Speed
Normal
Resources
Standard
Victory
Conquest
Starting age
Dark Age
Ending age
Imperial Age
RankedLock teamsTeams togetherTeam positionsShared explorationLock speedFull tech treeHidden civsTurbo modeCheats
Victory
Defeat
🇦🇷 Goths · Argentina
937
+17
🇦🇷 Turks · Argentina
936
+17
🇨🇦 Varangians · Canada
990
-17
🇺🇸 Hindustanis · United States
945
-17
Franklin
7:14 Loom
10:24 Feudal Age
16:35 Bloodlines
17:39 Wheelbarrow
18:30 Forging
18:25 Scale Barding Armor
24:24 Castle Age
23:05 Double-Bit Axe
23:02 Horse Collar
24:26 Scale Mail Armor
25:14 Husbandry
28:26 Bow Saw
28:08 Gold Mining
31:10 Ballistics
32:34 Hand Cart
35:34 Imperial Age
35:08 Iron Casting
34:55 Chain Barding Armor
34:37 Padded Archer Armor
41:54 Blast Furnace
41:29 Plate Barding Armor
43:33 Heavy Camel Rider
56:58 Two-Man Saw
Mek666nix
8:11 Loom
11:11 Feudal Age
11:22 Man-at-Arms
18:00 Horse Collar
23:45 Double-Bit Axe
26:26 Gold Mining
26:30 Stone Mining
30:04 Castle Age
30:15 Scale Mail Armor
30:25 Forging
45:29 Bow Saw
45:30 Heavy Plow
46:17 Squires
47:56 Chain Mail Armor
48:18 Iron Casting
48:39 Wheelbarrow
49:14 Pikeman
49:42 Pikeman
50:41 Anarchy
52:11 Hand Cart
52:26 Hand Cart
55:46 Imperial Age
56:14 Elite Huskarl
57:29 Perfusion
57:51 Conscription
59:59 Blast Furnace
61:02 Two-Man Saw
xdmastorx
6:00 Loom
10:31 Feudal Age
11:29 Double-Bit Axe
19:13 Castle Age
34:32 Gold Mining
35:25 Scale Mail Armor
38:12 Town Watch
40:15 Squires
41:07 Forging
45:58 Arson
46:34 Bloodlines
49:24 Husbandry
51:39 Scale Barding Armor
53:34 Gold Shaft Mining
52:51 Stone Mining
52:59 Fletching
53:31 Chain Barding Armor
53:28 Chain Mail Armor
53:30 Light Cavalry
57:20 Iron Casting
57:23 Pikeman
61:36 Imperial Age
59:47 Wheelbarrow
61:47 Heavy Camel Rider
64:03 Conscription
ptom
0:34 Loom
10:29 Feudal Age
11:07 Double-Bit Axe
11:46 Horse Collar
16:42 Wheelbarrow
20:52 Castle Age
19:52 Stone Mining
19:55 Gold Mining
20:21 Forging
20:20 Scale Barding Armor
21:02 Scale Mail Armor
21:10 Scale Barding Armor
22:10 Squires
22:35 Bow Saw
22:41 Town Watch
24:00 Stone Shaft Mining
24:21 Husbandry
26:13 Heavy Plow
27:38 Iron Casting
28:28 Fletching
29:51 Chain Barding Armor
30:31 Bodkin Arrow
31:33 Hand Cart
31:33 Bloodlines
32:24 Fervor
37:26 Imperial Age
35:21 Vendel Legacy
38:19 Murder Holes
39:27 Chemistry
39:49 Blast Furnace
40:03 Plate Barding Armor
43:44 Devotion
49:22 Chain Mail Armor
51:29 Crop Rotation
52:16 Treadmill Crane
53:53 Plate Mail Armor
Connection lost

Rejoining the realm…

Still unreachable

The connection could not be restored.

Session expired

The server has moved on; the page needs a fresh start.